 Dungeon Crawl Stone Soup version 0.22-a0-388-g09e6169 (webtiles) character file.

123 khargal the Shield-Bearer (level 4, -2/36 HPs)
             Began as a Demonspawn Fighter on Apr 29, 2018.
             Slain by khargal's ghost (5 damage)
             ... on level 3 of the Dungeon.
             The game lasted 00:04:20 (2251 turns).

khargal the Shield-Bearer (Demonspawn Fighter)      Turns: 2251, Time: 00:04:21

Health: -2/36      AC: 11    Str: 18    XL:     4   Next: 80%
Magic:  4/4        EV:  7    Int:  9    God:
Gold:   111        SH:  9    Dex: 12    Spells: 3/3 levels left

rFire    . . .     SeeInvis .   a - +0 trident
rCold    . . .     Gourm    .   c - +0 shield
rNeg     . . .     Faith    .   b - +0 scale mail
rPois    .         Spirit   .   (no helmet)
rElec    .         Reflect  .   g - +0 cloak
rCorr    .         Harm     .   e - +0 pair of gloves
MR       .....                  (no boots)
Stlth    ..........             (no amulet)
HPRegen  0.12/turn              (no ring)
MPRegen  0.09/turn              (no ring)

@: no status effects
A: rugged brown scales 2, powered by death 1
a: no special abilities


You were on level 3 of the Dungeon.
You were hungry.

You visited 1 branch of the dungeon, and saw 3 of its levels.

You collected 111 gold pieces.

Inventory:

Hand Weapons
 a - a +0 trident (weapon)
Armour
 b - a +0 scale mail (worn)
 c - a +0 shield (worn)
 e - a +0 pair of gloves (worn)
 g - a +0 cloak (worn)
Scrolls
 j - 2 scrolls of identify
 k - 2 scrolls of fear
 l - a scroll of blinking
Potions
 d - a potion of might
 h - a potion of resistance
Comestibles
 f - 11 rations
 i - 3 chunks of flesh


   Skills:
 + Level 3.5 Fighting
 + Level 2.9 Polearms
 + Level 3.3 Armour
 + Level 3.5 Shields


You had 3 spell levels left.
You didn't know any spells.

Dungeon Overview and Level Annotations

Branches:
Dungeon (3/15)

Altars:

Annotations:
D:3 khargal's ghost, amateur DsFi


Innate Abilities, Weirdness & Mutations

You are mostly covered in rugged brown scales. (AC +2, +5% HP)
You regenerate a little health from kills.


Message History

Khargal's ghost hits you but does no damage.
You block the worm's attack.
You completely miss the worm.
The worm is lightly wounded.
You block khargal's ghost's attack. The worm bites you but does no damage.
You barely miss the worm.
The worm is lightly wounded.
Khargal's ghost hits you.
* * * LOW HITPOINT WARNING * * *
Khargal's ghost closely misses you.
You barely miss the worm.
The worm is lightly wounded.
The worm bites you but does no damage. You block khargal's ghost's attack.
You hit the worm but do no damage.
Khargal's ghost hits you but does no damage.
The worm bites you but does no damage.
You hit the worm.
The worm is moderately wounded.
Khargal's ghost hits you.
You die...

#.#
#.#
#.#
#.#
#.#
#.#
#S#
#W#
#@#
#w#
#.#
#.#
..#
###


You could see a worm, khargal's ghost and an adder.

Vanquished Creatures
  A howler monkey (D:3)
  4 adders
  2 dart slugs (D:1)
  2 leopard geckos
  A ball python (D:1)
  A giant cockroach (D:1)
  8 goblins
  7 hobgoblins
  A quokka (D:3)
  5 bats
  8 kobolds
  5 rats
45 creatures vanquished.

Notes
Turn   | Place    | Note
-------+----------+-------------------------------------------
     0 | D:1      | khargal the Demonspawn Fighter began the quest for the Orb.
     0 | D:1      | Reached XP level 1. HP: 18/18 MP: 1/1
   118 | D:1      | Gained mutation: You are partially covered in rugged brown scales. (AC +1, +3% HP) [demonic ancestry]
   118 | D:1      | Reached XP level 2. HP: 18/24 MP: 2/2
   791 | D:2      | Gained mutation: You are mostly covered in rugged brown scales. (AC +2, +5% HP) [demonic ancestry]
   791 | D:2      | Reached XP level 3. HP: 23/30 MP: 3/3
  1600 | D:2      | Gained mutation: You regenerate a little health from kills. [demonic ancestry]
  1600 | D:2      | Reached XP level 4. HP: 36/36 MP: 4/4
  2177 | D:3      | Noticed khargal's ghost (amateur DsFi)
  2251 | D:3      | Slain by khargal's ghost

Vault maps used:
D:1:      scummos_arrival_gate, minmay_pentomino_v4
D:2:      st_stairs_5
D:3:      first_ration, uniq_jessica

Skill      XL: |  1  2 |
---------------+-------+-----
Polearms       | 2 |  2.9
Shields        | 3 |  3.5
Armour         | 3 |  3.3
Fighting       | |  3.5

Action                   |  1- 3 |  4- 6 || total
-------------------------+-------+-------++-------
Melee: Trident           |   169 |    66 ||   235
  Use: Scroll            |     7 |     1 ||     8
       Potion            |     4 |       ||     4
  Eat: Chunk             |     2 |     2 ||     4
Armor: Scale mail        |   127 |    29 ||   156
Dodge: Dodged            |    73 |    13 ||    86
Block: Shield            |   102 |    35 ||   137

Table legend:
 A = Spawn XP
 B = Non-spawn XP
 C = Spawn XP percentage of total XP
 D = Spawn monster count
 E = Non-spawn monster count
 F = Spawn count percentage of total count
 G = Total turns spent on level
                    A         B        C        D         E        F      G
               +---------+---------+-------+---------+---------+-------+---------
         Total |       0 |     177 |   0.0 |       0 |      45 |   0.0 |  2251
               +---------+---------+-------+---------+---------+-------+---------
           D:1 |       0 |      38 |   0.0 |       0 |      21 |   0.0 |   775
           D:2 |       0 |      63 |   0.0 |       0 |      18 |   0.0 |  1155
           D:3 |       0 |      76 |   0.0 |       0 |       6 |   0.0 |   321
               +---------+---------+-------+---------+---------+-------+---------
